Map: Overgrown Facility

Players

OpuS - Winner!

  • Race: Protoss Protoss
  • League: Platinum
  • Spawn Location: 1:00

Sketchaphone - Winner!

  • Race: Zerg Zerg
  • League: Platinum
  • Spawn Location: 3:00

SizzlinMelon

  • Race: Protoss Protoss
  • League: Diamond
  • Spawn Location: 9:00

Tovarish

  • Race: Protoss Protoss
  • League: Platinum
  • Spawn Location: 7:00

VOD

Have the link to the VOD?

Description

Time

  • Played on: Feb. 4, 2019, 8:15 p.m.
  • Length: 3:36
Show
View Real Time Build Order
Export as new Build Order

OpuS Protoss - Winner!

Build Orders:  

Get SALT Encoding   

  12  0:01  Probe  
  13  0:13  Probe  
  14  0:22  Pylon  
  14  0:26  Probe  
  15  0:41  Gateway  
  15  0:52  Probe  
  16  1:02  Assimilator  
  16  1:04  Probe  
  17  1:16  Probe  
  18  1:23  Gateway  
  18  1:33  Gateway  
  18  1:35  Zealot, Probe  
  18  1:36  Pylon  
  21  2:05  Zealot  
  23  2:10  Zealot, Probe  
  26  2:17  Pylon  
  26  2:18  Probe  
  26  2:20  Zealot  
  28  2:36  Zealot  
  30  2:40  Pylon  
  30  2:49  Forge  
Show
View Real Time Build Order
Export as new Build Order

Sketchaphone Zerg - Winner!

Build Orders: Hatch First 

Get SALT Encoding   

  12  0:01  Drone  
  13  0:12  Overlord  
  13  0:21  Drone  
  14  0:30  Drone  
  14  0:31  Drone  
  14  0:34  Drone  
  17  0:56  Hatchery  
  16  1:00  Drone  
  17  1:09  Extractor  
  16  1:12  Drone  
  17  1:25  Spawning Pool  
  16  1:33  Drone  
  16  1:35  Drone  
  16  1:39  Drone  
  19  2:00  Overlord, Drone  
  20  2:11  Queen, Drone  
  23  2:17  Spine Crawler  
  22  2:27  Zergling x2  
  23  2:34  Spine Crawler  
  23  2:36  Zergling x2  
  23  2:40  Drone  
  23  2:41  Drone  
  25  3:02  Zergling x4  
  27  3:09  Roach Warren  
  26  3:15  Zergling x8  
Show
View Real Time Build Order
Export as new Build Order

SizzlinMelon Protoss 

Build Orders: 1 Gate Expand 

Get SALT Encoding   

  12  0:01  Probe  
  13  0:13  Probe  
  14  0:19  Pylon  
  14  0:31  Probe  
  15  0:44  Probe, Gateway  
  16  0:56  Probe  
  17  0:57  Gateway  
  17  1:33  Nexus  
  17  1:44  Zealot, Cybernetics Core  
  19  1:49  Zealot  
  21  1:55  Assimilator  
  21  2:01  Assimilator  
  21  2:25  Probe  
  22  2:37  Probe  
  22  2:38  Pylon  
  23  2:45  Adept x2  
Show
View Real Time Build Order
Export as new Build Order

Tovarish Protoss 

Build Orders: 1 Gate Expand 

Get SALT Encoding   

  12  0:01  Probe  
  13  0:13  Probe  
  14  0:18  Pylon  
  14  0:26  Probe  
  15  0:36  Gateway  
  15  0:46  Probe  
  16  1:21  Nexus  
  16  1:22  Probe  
  19  1:31  Gateway  
  17  1:34  Probe  
  17  1:36  Zealot  
  20  1:50  Pylon  
  20  2:03  Cybernetics Core  
  20  2:05  Zealot  
  20  2:09  Zealot  
  24  2:29  Zealot  
  24  2:35  Zealot  
  28  2:44  Pylon  
  28  2:52  Pylon  
Tags
 
Add a new tag
Caveats
  • Supply blocks, unpowered buildings, or Contaminate may cause inaccurate times.
  • Supply counts are checked every 10 seconds.